 Dungeon Crawl Stone Soup version 0.32-a0-12-g7fc57aa741 (webtiles) character file.

Game seed: 7274330651602743997

3095 octoduck the Grappler (level 9, -8/75 HPs)
             Began as a Troll Shapeshifter on Jan 15, 2024.
             Was a Priest of Ru.
             Shot with an arrow by a centaur warrior (13 damage)
             ... on level 8 of the Dungeon.
             The game lasted 00:13:57 (6310 turns).

octoduck the Grappler (Troll Shapeshifter)          Turns: 6310, Time: 00:13:57

Health: -8/75      AC: -1    Str: 26    XL:     9   Next: 59%
Magic:  8/8        EV: 13    Int:  6    God:    Ru [***...]
Gold:   172        SH:  0    Dex: 11    Spells: 8/8 levels left

rFire   . .          .
                       - Unarmed
rCold   . . .        (shield unavailable)
rNeg    . . .        a - melded +0 animal skin
rPois   .            A - +1 hat
rElec   .            (no cloak)
rCorr   .            (gloves unavailable)
SInv    .            (boots unavailable)
Will    .....        o - amulet of the acrobat
Stlth   +            (ring unavailable)
HPRegen 1.12/turn    B - ring of flight
MPRegen 0.11/turn

%: acrobat
@: about to teleport, flux-form, corroded, flying, hasted, glowing, very quick
A: glow, contaminating, large, unfitting armour, claws 3, regeneration 1, shaggy
fur 1, tough skin 1, missing a hand
a: Begin Untransformation, Renounce Religion, Draw Out Power


You were on level 8 of the Dungeon.
You worshipped Ru.
Ru was most pleased with you.
You were something dangerously unstable.
You visited 2 branches of the dungeon, and saw 9 of its levels.

You collected 327 gold pieces.
You spent 155 gold pieces at shops.

Inventory:

Hand Weapons
 j - the +7 sling of Orchap {heavy, rPois MP+9 Dex+3}
   (You found it on level 2 of the Dungeon)

   Dex+3:     It affects your dexterity (+3).
   rPois:     It protects you from poison MP+9: It affects your magic capacity
   (+9).
Missiles
 w - 5 datura-tipped darts (quivered)
Armour
 a - a +0 animal skin (melded)
 A - a +1 hat (worn)
Jewellery
 o - an amulet of the acrobat (around neck)
 p - a ring of wizardry
 q - a ring of see invisible
 t - a ring of ice
 B - a ring of flight (right claw)
 D - a ring of positive energy
Talismans
 c - a beast talisman
 d - a flux talisman (active)
Wands
 h - a wand of polymorph (12)
 l - a wand of charming (11)
 C - a wand of iceblast (7)
Scrolls
 f - 2 scrolls of poison
 i - a scroll of teleportation
 k - a scroll of brand weapon
 n - a scroll of noise
 v - a scroll of blinking {unknown}
 y - a scroll of amnesia {unknown}
 z - a scroll of silence
 E - 4 scrolls of summoning {unknown}
 F - a scroll of acquirement {unknown}
Potions
 b - 2 potions of lignification
 e - a potion of magic
 g - a potion of haste
 m - 3 potions of curing {unknown}
 r - a potion of invisibility {unknown}
 s - 2 potions of ambrosia
 u - 2 potions of mutation {unknown}
 x - a potion of heal wounds {unknown}
 G - a potion of resistance {unknown}


   Skills:
 - Level 0.7 Fighting
 - Level 1.5 Dodging
 + Level 10.0 Unarmed Combat
 + Level 9.3 Shapeshifting


You had 8 spell levels left.
You didn't know any spells.
Your spell library contained the following spells:

 Spells                   Type           Power      Damage    Failure   Level
 Static Discharge         Conj/Air       0%         3-3/arc   58%         2
 Frozen Ramparts          Ice            0%         1d1       83%         3
 Airstrike                Air            0%         2d(0-16)  99%         4
 Leda's Liquefaction      Alch/Erth      0%         N/A       99%         4
 Petrify                  Alch/Erth      0%         N/A       99%         4
 Summon Lightning Spire   Summ/Air       0%         N/A       99%         4
 Vhi's Electric Charge    Tloc/Air       0%         N/A       99%         4
 Arcjolt                  Conj/Air       0%         1d10      100%        5
 Metabolic Englaciation   Hex/Ice        0%         N/A       100%        5
 Plasma Beam              Fire/Air       0%         2x1d10    100%        6
 Chain Lightning          Conj/Air       0%         N/A       100%        9
 Fire Storm               Conj/Fire      0%         5d1       100%        9
 Shatter                  Erth           0%         3d5*      100%        9


Dungeon Overview and Level Annotations

Branches:
Dungeon (8/15)             Temple (1/1) D:6
   Lair: D:8-11

Altars:
Cheibriados
Dithmenos
Elyvilon
Fedhas
Gozag
Kikubaaqudgha
Nemelex Xobeh
Qazlal
Ru
Sif Muna
Vehumet
Wu Jian
Xom
Yredelemnul
Zin
The Shining One

Shops:
D:7 *((*[

Annotations:
D:8 1 runed translucent door, Pokonic1's ghost, novice MfIE


Innate Abilities, Weirdness & Mutations

You are something dangerously unstable.
You glow with magical radiation, making you easy to see and hit.
Foes you strike become dangerously contaminated with magical radiation.
You are incapable of wielding weapons or throwing items.
You are too large for most types of armour.
You have claws for hands.
Your natural rate of healing is unusually fast.
You are covered in fur. (AC +1)
You have tough skin. (AC +1)
You are missing a hand.


Message History

a +0 shortbow; a centaur corpse
Press: ? - help, v - describe, . - travel, g - get item
Here: a +0 hand axe of chaos (fire blocked by a runed translucent door) Item here: a morningstar.
A shimmering altar of Xom.
Unknown command.
Things that are here:
a +0 shortbow; a centaur corpse
Found a rapier.
Things that are here:
a +0 shortbow; a centaur corpse You see here a water moccasin corpse.
Found a stone staircase leading up.
An acid dragon comes into view.
Found a scroll of identify.
The acid dragon roars!
A centaur warrior comes into view.
The centaur warrior shouts!
The centaur warrior moves out of view.
You claw the acid dragon!
The acid dragon begins to glow.
The acid dragon is severely wounded.
The acid dragon spits acid at you. The splash of acid hits you!
The acid corrodes you!
The centaur warrior wields a +0 shortbow.
The centaur warrior shoots an arrow.
The arrow hits you!!
A boulder beetle and a deep elf pyromancer come into view.
The deep elf pyromancer shouts!
The centaur warrior shoots an arrow.
The arrow hits you!
The acid dragon attacks as it pursues you!
The acid dragon closely misses you. The acid dragon misses you.
Okay, then.
As you read the scroll of teleportation, it crumbles to dust.
You feel strangely unstable.
The centaur warrior shoots an arrow.
The arrow hits you!!
* * * LOW HITPOINT WARNING * * *
The acid dragon completely misses you. The acid dragon misses you.
The centaur warrior shoots an arrow.
The arrow misses you.
You feel yourself speed up.
The centaur warrior shoots an arrow.
The arrow hits you!
You die...

#...#. ##.......
##..#..#..
##...##...#
##....###.##
##..###.##.##
##....###.#.#B
#.....D####.##
#.##.#p....8..
#####.##..?####.##
#.....##.c###.#.#e
#.....##.###.##.##
#.....##....###.##
####.....###...##...#
#..............#.....
####.....###.........
#.....#


You could see a boulder beetle, a centaur warrior, a deep elf pyromancer and an
acid dragon (contam).

Vanquished Creatures
  Prince Ribbit (D:7)
  2 steam dragons (D:7)
  Menkaure (D:5)
  The ghost of osoart the Gusty, an amateur TeAE (D:3)
  A water moccasin (D:8)
  4 ice beasts
  A black bear (D:7)
  A sky beast (D:7)
  3 ogres
  3 centaurs
  A phantom (D:4)
  A bullfrog (D:7)
  A scorpion (D:7)
  5 killer bees (D:8)
  A bombardier beetle (D:5)
  3 jellies
  3 hounds (D:6)
  Crazy Yiuf (D:5)
  An orc priest (D:8)
  7 sleepcaps
  4 iguanas (D:5)
  3 orc wizards
  9 adders
  A shadow imp (D:5)
  2 ufetubi (D:5)
  2 ribbon worms (D:2)
  3 dart slugs
  19 orcs
  7 ball pythons
  7 bats
  5 endoplasms
  6 giant cockroaches
  10 goblins
  9 hobgoblins
  12 jackals
  4 kobolds
  2 quokkas
  A frilled lizard (D:3)
  6 rats
154 creatures vanquished.

Notes
Turn   | Place    | Note
-------+----------+-------------------------------------------
     0 | D:1      | octoduck the Troll Shapeshifter began the quest for the
                  | Orb.
     0 | D:1      | Reached XP level 1. HP: 18/18 MP: 0/0
    76 | D:1      | Reached XP level 2. HP: 26/26 MP: 1/1
   339 | D:1      | Reached XP level 3. HP: 22/32 MP: 2/2
   698 | D:2      | Identified the +7 sling of Orchap {heavy, rPois MP+9 Dex+3}
  1034 | D:2      | Reached skill level 4 in Unarmed Combat
  1043 | D:2      | Reached XP level 4. HP: 40/40 MP: 3/3
  1828 | D:3      | Noticed an ogre
  1828 | D:3      | Noticed osoart's ghost (amateur TeAE)
  1830 | D:3      | Found a transporter.
  1830 | D:3      | Identified the +4 great mace "Yrah" {holy, *Rage *Corrode
                  | rElec rF+++ Int+2}
  1830 | D:3      | Noticed an ogre
  1942 | D:3      | Found a glowing golden altar of the Shining One.
  1944 | D:3      | Found a glowing silver altar of Zin.
  1950 | D:3      | Found a snail-covered altar of Cheibriados.
  1957 | D:3      | Found a basalt altar of Yredelemnul.
  2262 | D:4      | Noticed an ogre
  2346 | D:4      | Reached XP level 5. HP: 46/46 MP: 4/4
  2431 | D:4      | Noticed a phantom
  2467 | D:4      | Killed a phantom
  2468 | D:4      | Reached skill level 5 in Unarmed Combat
  2582 | D:4      | Reached XP level 6. HP: 51/54 MP: 5/5
  2685 | D:4      | Reached skill level 5 in Shapeshifting
  3390 | D:5      | Entered Level 5 of the Dungeon
  3447 | D:5      | Noticed an ice beast
  3457 | D:5      | Killed an ice beast
  3458 | D:5      | Reached skill level 6 in Unarmed Combat
  3513 | D:5      | Reached XP level 7. HP: 61/61 MP: 6/6
  3738 | D:5      | Noticed Menkaure
  3750 | D:5      | Killed Menkaure
  3894 | D:5      | Found a runed translucent door.
  3895 | D:5      | Noticed Crazy Yiuf
  4118 | D:5      | Found a stormy altar of Qazlal.
  4204 | D:5      | Killed Crazy Yiuf
  4472 | D:6      | Reached skill level 7 in Unarmed Combat
  4512 | D:6      | Found a staircase to the Ecumenical Temple.
  4523 | D:6      | Reached XP level 8. HP: 41/68 MP: 7/7
  4534 | Temple   | Entered the Ecumenical Temple
  4599 | Temple   | Became a worshipper of Ru the Awakened
  4970 | D:6      | Found a blossoming altar of Fedhas.
  5208 | D:7      | Found an ornate altar of the Wu Jian Council.
  5267 | D:7      | Reached skill level 8 in Unarmed Combat
  5320 | D:7      | Found a shimmering blue altar of Sif Muna.
  5324 | D:7      | Found Xeev's Assorted Antiques.
  5327 | D:7      | Found Ofemaem's Antique Armour Shoppe.
  5340 | D:7      | Found Qiqoigo's Weapon Shop.
  5354 | D:7      | Bought a brass ring for 155 gold pieces
  5436 | D:7      | Found a sparkling altar of Nemelex Xobeh.
  5496 | D:7      | Found Ceanner's Weapon Shop.
  5502 | D:7      | Noticed Prince Ribbit
  5512 | D:7      | Killed Prince Ribbit
  5513 | D:7      | Reached skill level 9 in Unarmed Combat
  5513 | D:7      | Reached XP level 9. HP: 75/75 MP: 8/8
  5657 | D:7      | Found Zeohedoa's Assorted Antiques.
  5726 | D:7      | Gained mutation: You are missing a hand. [Ru sacrifice]
  5726 | D:7      | Reached * piety under Ru
  5726 | D:7      | Reached ** piety under Ru
  5726 | D:7      | Reached *** piety under Ru
  5818 | D:3      | Found a transporter.
  5823 | D:3      | Killed osoart's ghost
  6021 | D:8      | Found a runed translucent door.
  6021 | D:8      | Found a shimmering altar of Xom.
  6021 | D:8      | Noticed Pokonic1's ghost (novice MfIE)
  6022 | D:8      | Noticed a +0 hand axe of chaos
  6123 | D:8      | Reached skill level 10 in Unarmed Combat
  6303 | D:8      | Noticed a centaur warrior
  6307 | D:8      | Noticed a boulder beetle
  6307 | D:8      | Noticed a deep elf pyromancer
  6310 | D:8      | Shot with an arrow by a centaur warrior

Illustrated notes

Levels and vault maps discovered:
D:1:      dpeg_arrival_rhombus, layout_loops_ring, minmay_pentomino_u4
D:2:      layout_loops_corners
D:3:      layout_basic, nicolae_overflow_macrodata_refinement,
          gammafunk_ghost_smash, minmay_misc_feat_encased
D:4:      layout_layer_cave, hangedman_decor_lopped
D:5:      layout_loops_ring, nicolae_qazlal_scattered_showers, uniq_menkaure,
          uniq_crazy_yiuf_cottage
D:6:      layout_rooms, fedhas_altar_4, minmay_temple_entry_stoned_glass,
          hangedman_abyss_or_decor_stabs, hellmonk_no_cap
D:7:      layout_cave_pools, overflow_temple_1_default, old_standard_altar,
          mainiacjoe_overflow_alcove_1, serial_shops, nicolae_square_shop, shop,
          shop, shop, shop_fountains, uniq_prince_ribbit1
D:8:      layout_basic, regret_index_temple_of_mockery,
          makhleb_blood_cavern_becter, ebering_ghost_xom, kb_rosetta
Temple:   nicolae_temple_ecumenical_triangle

Skill      XL: |  1  2  3  4  5  6  7  8  9 |
---------------+----------------------------+-----
Unarmed Combat | 4 5 6 7 9 10 | 10.0
Shapeshifting  | 4 5 6 8 9 |  9.3
Fighting       | |  0.7
Dodging        | |  1.5

Action                     |  1- 3 |  4- 6 |  7- 9 || total
---------------------------+-------+-------+-------++-------
  Melee: Unarmed           |    90 |   113 |   193 ||   396
         Punch             |       |     3 |     1 ||     4
 Invoke: Sacrifice a Hand  |       |       |     1 ||     1
  Evoke: Wand              |       |       |     2 ||     2
    Use: Scroll            |       |     2 |     7 ||     9
         Potion            |       |       |     2 ||     2
   Stab: Sleeping          |     1 |     1 |     1 ||     3
         Invisible         |       |       |     2 ||     2
 Armour: Animal skin       |    64 |    57 |    29 ||   150
         Skin              |       |       |    57 ||    57
  Dodge: Dodged            |    38 |    65 |   122 ||   225
   Form: Flux              |       |       |     1 ||     1

Table legend: (Time is in decaauts)
 A = Elapsed time spent in this place.
 B = Non-inter-level travel time spent in this place.
 C = Inter-level travel time spent in this place.
 D = Time resting spent in this place.
 E = Time spent auto-exploring this place.
 F = Levels seen in this place.
 G = Mean time per level.
                   A        B        C        D        E       F      G
               +--------+--------+--------+--------+--------+-----+--------+
         Total |   6273 |   5758 |    515 |    476 |   4204 |   9 |  697.0 |
       Dungeon |   6201 |   5700 |    501 |    428 |   4204 |   8 |  775.1 |
        Temple |     72 |     58 |     14 |     48 |      0 |   1 |   72.0 |
               +--------+--------+--------+--------+--------+-----+--------+

Top non-repeatable levels by time:
     D:4: 1140 daAuts
     D:5: 1113 daAuts
     D:2: 903 daAuts
     D:3: 834 daAuts
     D:1: 674 daAuts
     D:6: 672 daAuts
     D:7: 540 daAuts
     D:8: 322 daAuts
  Temple: 72 daAuts
